 Dungeon Crawl Stone Soup version 0.31.0-12-g77e489cdc1 (webtiles) character file.

Game seed: 9908335380203296760

527 ChadusMaximus the Summoner (level 7, -2/46 HPs)
             Began as a Barachi Summoner on Mar 3, 2024.
             Slain by an iguana (4 damage)
             ... on level 6 of the Dungeon.
             The game lasted 00:05:48 (3704 turns).

ChadusMaximus the Summoner (Barachi Summoner)       Turns: 3704, Time: 00:05:49

Health: -2/46      AC:  2    Str:  9    XL:     7   Next: 23%
Magic:  3/13       EV: 13    Int: 18    God:
Gold:   207        SH:  0    Dex: 12    Spells: 8/14 levels left

rFire   . . .        u - +1 falchion (protect)
rCold   . . .        (no shield)
rNeg    . . .        a - +0 robe
rPois   .            (no helmet)
rElec   .            (no cloak)
rCorr   .            (no gloves)
SInv    .            (no boots)
Will    .....        (no amulet)
Stlth   ++           (no ring)
HPRegen 0.27/turn    (no ring)
MPRegen 0.13/turn

%: no passive effects
@: unable to hop, inugami summoned, slow
A: amphibious, slowness 1, strong legs 1, +LOS
a: Hop


You were on level 6 of the Dungeon.
You visited 1 branch of the dungeon, and saw 6 of its levels.

You collected 207 gold pieces.

Inventory:

Hand Weapons
 d - a +0 club
 k - a +0 hand axe
 m - a +0 long sword
 u - a +1 falchion of protection (weapon)
Missiles
 y - a throwing net
Armour
 a - a +0 robe (worn)
Jewellery
 w - a ring of willpower
Wands
 q - a wand of flame (18)
 x - a wand of mindburst (17)
Scrolls
 c - a scroll of revelation
 f - 2 scrolls of enchant armour {unknown}
 i - a scroll of summoning {unknown}
 n - 2 scrolls of identify {unknown}
 o - a scroll of teleportation {unknown}
 r - a scroll of amnesia {unknown}
 t - a scroll of torment {unknown}
Potions
 b - a potion of magic
 e - 2 potions of curing {unknown}
 g - a potion of cancellation {unknown}
 h - a potion of haste {unknown}
 j - 2 potions of degeneration {unknown}
 l - 3 potions of attraction {unknown}
 p - a potion of resistance {unknown}
 s - 2 potions of lignification {unknown}
 v - 2 potions of brilliance {unknown}


   Skills:
 + Level 4.5 Dodging
 - Level 1.7 Stealth
 + Level 4.2 Spellcasting
 * Level 8.0 Summonings


You had 8 spell levels left.
You knew the following spells:

 Your Spells              Type           Power      Damage    Failure   Level
a - Summon Small Mammal   Summ           100%       N/A       1%          1
b - Call Canine Familiar  Summ           32%        N/A       1%          3
c - Call Imp              Summ           64%        N/A       1%          2

Your spell library contained the following spells:

 Spells                   Type           Power      Damage    Failure   Level
 Summon Blazeheart Golem  Fire/Summ      18%        N/A       28%         4
 Summon Lightning Spire   Summ/Air       18%        N/A       28%         4
 Inner Flame              Hex/Fire       3%         N/A       41%         3
 Irradiate                Conj/Alch      1%         3d12      99%         5
 Ignition                 Fire           1%         3d3       100%        8


Dungeon Overview and Level Annotations

Branches:
Dungeon (6/15)
 Temple: D:4-7

Altars:
Qazlal
Wu Jian

Shops:
D:4 (


Innate Abilities, Weirdness & Mutations

You are amphibious.
You cover ground slowly.
You can hop short distances.
You have an extended range of vision and can be seen from far away.


Message History

The hound barely misses your inugami.
Your inugami hits the hound but does no damage.
Your bat hits the orc.
The hound bites your inugami but does no damage.
Your cerulean imp closely misses the hound.
The orc priest calls upon Beogh to heal the orc.
The orc's wounds heal themselves!
Your inugami hits the hound!
The hound dies!
Your cerulean imp closely misses the phantom.
Your inugami barely misses the phantom.
Your Summonings skill increases to level 8!
Unknown command.
As you read the scroll labelled GODDE EWOIFAOC, it crumbles to dust.
You feel aware of your surroundings.
You sensed 2 altars.
It was a scroll of revelation.
Your cerulean imp disappears in a puff of smoke!
Your bat hits the orc. The orc barely misses you.
The orc closely misses your bat.
The orc priest invokes the aid of Beogh against you.
Pain shoots through your body!
Your inugami closely misses the phantom.
The iguana closely misses you.
Your bat hits the orc. The orc attacks as it pursues you!
The orc closely misses you. The iguana closely misses you.
The orc barely misses you.
Your bat hits the orc. The orc completely misses your bat.
There is an escape hatch in the floor here.
Your bat hits the phantom but does no damage.
The iguana closely misses you. The iguana bites you.
* * * LOW HITPOINT WARNING * * *
You slide downwards.
The hatch slams shut behind you.
Found 30 gold pieces.
Casting: Call Canine Familiar (safe; 1% risk of failure)
Confirm with . or Enter, or press ? or * to list all spells.
You call for your canine familiar and it appears with a howl!
The adder hisses angrily.
The iguana bites you!
* * * LOW HITPOINT WARNING * * *
The iguana bites you.
You die...

...........
$.#....#... ##
.....$....# .##
....##....# ...#
....##....#...
..........#..
..#....#...#
......h....###
........@....#
....S..l.l.......
###...........##.
##..#..######
####... ##.# ###


You could see 2 iguanas, an adder and a friendly inugami (summoned).

Vanquished Creatures
  Jessica (D:3)
  An iguana (D:4)
  2 adders
  2 gnolls
  3 dart slugs
  2 orcs (D:3)
  2 bats (D:2)
  3 endoplasms
  A giant cockroach (D:2)
  7 goblins
  2 hobgoblins
  3 quokkas
  3 training dummies (D:4)
  3 ball pythons
  6 kobolds
  10 rats (D:2)
51 creatures vanquished.

Vanquished Creatures (collateral kills)
  A jelly (D:4)
  2 orc priests (D:5)
  A gnoll bouda (D:3)
  A hound (D:5)
  An iguana (D:4)
  2 orc wizards
  2 adders
  5 gnolls
  A shadow imp (D:5)
  A dart slug (D:2)
  20 orcs
  7 ball pythons
  2 bats (D:1)
  5 endoplasms
  A giant cockroach (D:4)
  5 hobgoblins
  5 jackals (D:2)
  2 quokkas (D:3)
  2 frilled lizards (D:3)
  2 goblins (D:4)
  3 rats (D:1)
71 creatures vanquished.

Grand Total: 122 creatures vanquished

Notes
Turn   | Place    | Note
-------+----------+-------------------------------------------
     0 | D:1      | ChadusMaximus the Barachi Summoner began the quest for the
                  | Orb.
     0 | D:1      | Reached XP level 1. HP: 13/13 MP: 3/3
    42 | D:1      | Reached skill level 5 in Summonings
   225 | D:1      | Reached XP level 2. HP: 13/19 MP: 1/5
   950 | D:2      | Reached XP level 3. HP: 19/24 MP: 3/6
  1535 | D:2      | Reached XP level 4. HP: 20/30 MP: 5/8
  1546 | D:2      | Learned a level 3 spell: Call Canine Familiar
  1549 | D:2      | Learned a level 2 spell: Call Imp
  1869 | D:3      | Noticed Jessica
  1875 | D:3      | Killed Jessica
  1876 | D:3      | Reached skill level 6 in Summonings
  1969 | D:3      | Found a stormy altar of Qazlal.
  2043 | D:3      | Reached XP level 5. HP: 27/35 MP: 1/9
  2601 | D:4      | Reached XP level 6. HP: 28/41 MP: 3/11
  2766 | D:4      | Reached skill level 7 in Summonings
  3127 | D:4      | Found an ornate altar of the Wu Jian Council.
  3334 | D:4      | Found Reffaoc's Firing Range.
  3542 | D:5      | Entered Level 5 of the Dungeon
  3675 | D:5      | Reached XP level 7. HP: 38/46 MP: 2/13
  3699 | D:5      | Reached skill level 8 in Summonings
  3704 | D:6      | HP: 2/46 [iguana (11)]
  3704 | D:6      | Slain by an iguana

Illustrated notes

Levels and vault maps discovered:
D:1:      dpeg_arrival_pond, layout_basic
D:2:      layout_loops_ring, minmay_rat_gold_closets
D:3:      layout_rooms, nicolae_qazlal_general_emergency, uniq_jessica
D:4:      wad_pebble_path, layout_cave_pools, kennysheep_mini_moat,
          nicolae_shop_firing_range
D:5:      layout_cave_pods, old_standard_altar, mainiacjoe_overflow_alcove_2
D:6:      layout_cave_pools, serial_gnoll_camp, gnoll_camp_mini_doghouse,
          gnoll_camp_mini_loothouse, gnoll_camp_mini_hut, gnoll_camp_huts_basic,
          grums_kennel, gnoll_camp_medium_02, skrybe_limestone_x,
          serial_bayou_pond_c, uniq_duvessa, uniq_eustachio, uniq_sigmund

Skill      XL: |  1  2  3  4  5  6  7 |
---------------+----------------------+-----
Summonings     | 5 6 7 8 |  8.0
Dodging        | 3 4 |  4.5
Spellcasting   | 3 4 |  4.2
Stealth        | |  1.7

Action                     |  1- 3 |  4- 6 |  7- 9 || total
---------------------------+-------+-------+-------++-------
  Melee: Club              |    56 |       |       ||    56
         Unarmed           |     5 |       |       ||     5
         Hand axe          |    67 |       |       ||    67
         Long sword        |       |    39 |       ||    39
         Punch             |       |     1 |       ||     1
         Falchion          |       |    48 |       ||    48
   Cast: Summon Small Mamm |    33 |    18 |       ||    51
         Call Imp          |       |    20 |       ||    20
         Call Canine Famil |       |    17 |     1 ||    18
Ability: Hop               |       |     1 |     1 ||     2
    Use: Scroll            |       |       |     1 ||     1
   Stab: Sleeping          |     6 |     3 |       ||     9
         Distracted        |     1 |     1 |       ||     2
 Armour: Robe              |    89 |    52 |     8 ||   149
  Dodge: Dodged            |   155 |    84 |    11 ||   250
